[Event "Catalan Youth-ch 2020"]
[Site "Salou"]
[Date "2020.09.06"]
[Round "3.7"]
[White "Alonso Gimenez, Mauro"]
[Black "Prada Villagrasa, Pau Manel"]
[Result "0-1"]
[ECO "C54"]
[WhiteElo "1397"]
[BlackElo "1573"]
[Annotator "NA"]
[PlyCount "100"]
[EventDate "2020.09.07"]
[EventType "swiss"]
[EventCountry "ESP"]
[SourceTitle "playchess.com"]
[Source "ChessBase"]
[SourceQuality "1"]
[TimeControl "5400+30"]

1. e4 e5 2. Nf3 Nc6 3. Bc4 Bc5 4. d3 Nf6 5. c3 O-O 6. O-O d5 7. exd5 Nxd5 8. Bg5 Nf6 9. b4 Bd6 10. Nbd2 Bg4 11. a4 a6 12. Ne4 Be7 13. Bxf6 Bxf6 14. h3 Bh5 15. Ng3 Bg6 16. Re1 e4 17. Nd4 Nxd4 18. cxd4 Bxd4 19. Rc1 exd3 20. Ne4 Qh4 21. Qf3 d2 22. Nxd2 Kh8 23. Ne4 f5 24. Qg3 Qh6 25. Qf3 Rad8 26. Qd1 Be3 27. Nd2 Bxf2+ 28. Kxf2 Rxd2+ 29. Kg1 Rxd1 30. Rcxd1 Bh5 31. Rd7 b5 32. Bf7 Bxf7 33. Rxf7 Qd6 34. Rxf8+ Qxf8 35. Kh2 h6 36. axb5 axb5 37. Kg3 Qd6+ 38. Kf3 Qxb4 39. Re8+ Kh7 40. g4 Qc5 41. gxf5 Qxf5+ 42. Kg3 Qg6+ 43. Kf4 Qxe8 44. h4 b4 45. h5 b3 46. Kf5 b2 47. Kf4 b1=Q 48. Kg4 Qee4+ 49. Kg3 Qg1+ 50. Kh3 Qeg4# 0-1

[Event "Catalan Youth-ch 2020"]
[Site "Salou"]
[Date "2020.09.06"]
[Round "3.8"]
[White "Martin Barcelo, Carles"]
[Black "Jurado Coderch, Heribert"]
[Result "1-0"]
[ECO "C70"]
[WhiteElo "2202"]
[BlackElo "1741"]
[Annotator "ChessBase"]
[PlyCount "49"]
[EventDate "2020.09.07"]
[EventType "swiss"]
[EventCountry "ESP"]
[SourceTitle "playchess.com"]
[Source "ChessBase"]
[SourceQuality "1"]
[TimeControl "5400+30"]

1. e4 e5 2. Nf3 Nc6 3. Bb5 a6 4. Ba4 g6 5. d4 exd4 6. Nxd4 Bg7 7. Nxc6 dxc6 8. Qxd8+ Kxd8 9. Bb3 Ke7 10. Nc3 Be6 11. Bg5+ Bf6 12. Bf4 Bxc3+ 13. bxc3 Nf6 14. f3 Ne8 15. O-O-O Nd6 16. e5 Ne8 17. Bg5+ Kf8 18. Bxe6 fxe6 19. Bh6+ Ke7 20. h4 Rg8 21. Rd3 Ng7 22. g4 Rae8 23. Bg5+ Kf8 24. Rhd1 Rh8 25. Rd7 1-0

[Event "Catalan Youth-ch 2020"]
[Site "Salou"]
[Date "2020.09.06"]
[Round "3.8"]
[White "Marin Ripoll, Marti"]
[Black "Mompel Ferruz, Xavier"]
[Result "0-1"]
[ECO "D00"]
[WhiteElo "1313"]
[BlackElo "1505"]
[Annotator "NA"]
[PlyCount "138"]
[EventDate "2020.09.07"]
[EventType "swiss"]
[EventCountry "ESP"]
[SourceTitle "playchess.com"]
[Source "ChessBase"]
[SourceQuality "1"]
[TimeControl "5400+30"]

1. d4 d5 2. e3 Nf6 3. Bd3 e6 4. f4 c5 5. c3 Nc6 6. Nf3 Bd6 7. Nbd2 b6 8. O-O O-O 9. Ne5 Bb7 10. Rf3 Ne7 11. Rh3 g6 12. Qe1 Nc6 13. e4 Be7 14. Ndf3 dxe4 15. Bb5 Nxe5 16. fxe5 Ne8 17. Nd2 cxd4 18. Nxe4 Qd5 19. Bd3 Qxe5 20. Bd2 f5 21. Ng5 Qxe1+ 22. Rxe1 dxc3 23. bxc3 Bxg5 24. Bxg5 Ng7 25. Bc4 Rfe8 26. Bb5 Rf8 27. Bh6 Be4 28. Bg5 a6 29. Bc4 b5 30. Bb3 Rac8 31. Rd1 Rc6 32. Rd7 Rfc8 33. Bf6 Nh5 34. Be5 a5 35. Re3 a4 36. Bd1 Rc5 37. Bd4 Rd5 38. Rxd5 Bxd5 39. Bxh5 gxh5 40. a3 Rc4 41. Re1 Kf7 42. Rb1 Bc6 43. Kf2 f4 44. Re1 h4 45. g3 fxg3+ 46. hxg3 h3 47. Kg1 Bd7 48. Rf1+ Ke7 49. Kf2 Bc6 50. Kg1 Bd7 51. Kf2 Rc8 52. Rh1 h5 53. Be5 Rc5 54. Bd4 Rf5+ 55. Ke3 Rf3+ 56. Kxf3 Bc6+ 57. Kf2 Bxh1 58. Kg1 Bg2 59. Kh2 Kd6 60. Kg1 e5 61. Be3 Kd5 62. Kf2 Kc4 63. g4 hxg4 64. Bf4 exf4 65. Kg1 Kxc3 66. Kf2 Kd2 67. Kg1 b4 68. Kh2 bxa3 69. Kg1 Bf3 0-1

[Event "Catalan Youth-ch 2020"]
[Site "Salou"]
[Date "2020.09.07"]
[Round "4.1"]
[White "Alvarez Albiol, Victor"]
[Black "Saguillo Gonzalez, Oriol"]
[Result "1/2-1/2"]
[ECO "C40"]
[WhiteElo "2123"]
[BlackElo "2124"]
[Annotator "NA"]
[PlyCount "66"]
[EventDate "2020.09.07"]
[EventType "swiss"]
[EventCountry "ESP"]
[SourceTitle "playchess.com"]
[Source "ChessBase"]
[SourceQuality "1"]
[TimeControl "5400+30"]

1. e4 e5 2. Nf3 d5 3. exd5 e4 4. Qe2 Nf6 5. Nc3 Be7 6. Nd4 O-O 7. h3 Re8 8. g3 Nxd5 9. Nxd5 Qxd5 10. Qc4 Qe5 11. Bg2 Bc5 12. Nb3 Bb6 13. Qc3 Qh5 14. Nd4 Nc6 15. Nxc6 bxc6 16. g4 Qg6 17. b3 Rd8 18. Qg3 Bd4 19. c3 Bb6 20. O-O f5 21. Qf4 Be6 22. Ba3 Rd3 23. Kh1 Rad8 24. Rae1 h6 25. c4 Ba5 26. b4 Rxa3 27. bxa5 Rf8 28. Re3 fxg4 29. Qxe4 Bf5 30. Qxc6 Qxc6 31. Bxc6 Rxe3 32. dxe3 gxh3 33. Bd5+ Kh7 1/2-1/2

[Event "Catalan Youth-ch 2020"]
[Site "Salou"]
[Date "2020.09.07"]
[Round "4.1"]
[White "Ribera Veganzones, Serni"]
[Black "Rodriguez Gonzalez, Gerard"]
[Result "1-0"]
[ECO "C50"]
[WhiteElo "1902"]
[BlackElo "1714"]
[Annotator "NA"]
[PlyCount "65"]
[EventDate "2020.09.07"]
[EventType "swiss"]
[EventCountry "ESP"]
[SourceTitle "playchess.com"]
[Source "ChessBase"]
[SourceQuality "1"]
[TimeControl "5400+30"]

1. e4 e5 2. Nf3 Nc6 3. d4 exd4 4. Bc4 d6 5. Nxd4 Bd7 6. Nc3 Nf6 7. O-O Nxd4 8. Qxd4 Be7 9. Bf4 O-O 10. Rfe1 Bc6 11. Rad1 Nd7 12. Nd5 Bg5 13. Bg3 a5 14. f4 Bh6 15. a3 Re8 16. e5 dxe5 17. fxe5 Nf8 18. Nf6+ Kh8 19. Nxe8 Qxe8 20. Bf4 Ne6 21. Bxe6 Qxe6 22. Bxh6 gxh6 23. Qh4 Rg8 24. Rd8 Re8 25. Qf6+ Kg8 26. Rxe8+ Qxe8 27. Re3 Qd7 28. Rd3 Bd5 29. Qxh6 f5 30. Rg3+ Kf7 31. Rg7+ Ke8 32. Rxd7 Kxd7 33. Qxh7+ 1-0

[Event "Catalan Youth-ch 2020"]
[Site "Salou"]
[Date "2020.09.07"]
[Round "4.2"]
[White "Bernado Lopez, Roger"]
[Black "Parra Ordorica, Arnau"]
[Result "1-0"]
[ECO "C52"]
[WhiteElo "2155"]
[BlackElo "1808"]
[Annotator "NA"]
[PlyCount "51"]
[EventDate "2020.09.07"]
[EventType "swiss"]
[EventCountry "ESP"]
[SourceTitle "playchess.com"]
[Source "ChessBase"]
[SourceQuality "1"]
[TimeControl "5400+30"]

1. e4 e5 2. Nf3 Nc6 3. Bc4 Bc5 4. b4 Bxb4 5. c3 Ba5 6. d4 exd4 7. O-O Nge7 8. cxd4 d5 9. exd5 Nxd5 10. Ba3 Be6 11. Qb3 Bb6 12. Nc3 Na5 13. Qa4+ c6 14. Bxd5 Bxd5 15. Rae1+ Be6 16. d5 Qf6 17. Ne4 Qg6 18. Nd6+ Kd8 19. dxe6 fxe6 20. Ne5 Qh5 21. Ndf7+ Kc7 22. Bd6+ Kc8 23. Nxh8 Bc7 24. Bxc7 Kxc7 25. Qxa5+ b6 26. Qa4 1-0

[Event "Catalan Youth-ch 2020"]
[Site "Salou"]
[Date "2020.09.07"]
[Round "4.2"]
[White "Sole Pijuan, Ferran"]
[Black "Pera Muntasell, Marc"]
[Result "1-0"]
[ECO "E45"]
[WhiteElo "2127"]
[BlackElo "1890"]
[Annotator "NA"]
[PlyCount "61"]
[EventDate "2020.09.07"]
[EventType "swiss"]
[EventCountry "ESP"]
[SourceTitle "playchess.com"]
[Source "ChessBase"]
[SourceQuality "1"]
[TimeControl "5400+30"]

1. d4 Nf6 2. c4 e6 3. Nc3 Bb4 4. e3 b6 5. Nge2 Ba6 6. a3 Be7 7. Nf4 O-O 8. Bd3 Nc6 9. O-O e5 10. Nfe2 e4 11. Nxe4 Nxe4 12. Bxe4 Bxc4 13. Bxh7+ Kxh7 14. Qc2+ g6 15. Qxc4 Kg7 16. e4 Rh8 17. f4 Na5 18. Qc3 f6 19. f5 g5 20. e5 Rh5 21. Ng3 Rh7 22. Bxg5 Kf7 23. Bf4 c5 24. Qf3 cxd4 25. Qd5+ Kf8 26. Ne4 Nc6 27. exf6 Bxf6 28. Qd6+ Be7 29. Qg6 Rf7 30. Bh6+ Ke8 31. Qg8+ 1-0

[Event "Catalan Youth-ch 2020"]
[Site "Salou"]
[Date "2020.09.07"]
[Round "4.3"]
[White "Garcia Escoda, Marc"]
[Black "Toquero Gracia, Pau"]
[Result "1-0"]
[ECO "A15"]
[WhiteElo "2054"]
[BlackElo "2066"]
[Annotator "NA"]
[PlyCount "75"]
[EventDate "2020.09.07"]
[EventType "swiss"]
[EventCountry "ESP"]
[SourceTitle "playchess.com"]
[Source "ChessBase"]
[SourceQuality "1"]
[TimeControl "5400+30"]

1. c4 Nf6 2. g3 c6 3. Bg2 d6 4. Nc3 Nbd7 5. d3 e5 6. e4 Be7 7. Nge2 h5 8. h3 b6 9. O-O Bb7 10. d4 Qc7 11. Be3 a6 12. Rc1 exd4 13. Nxd4 Ne5 14. b3 c5 15. Nf5 Bf8 16. f4 Ned7 17. e5 Bxg2 18. exf6 g6 19. Kxg2 gxf5 20. Qd5 O-O-O 21. Qxf5 Re8 22. Nd5 Qd8 23. Rce1 Re6 24. Bd2 Qe8 25. Bc3 Rh6 26. g4 hxg4 27. hxg4 Re2+ 28. Kg3 Kb8 29. Qd3 Rhh2 30. Rxe2 Rxe2 31. Ne7 Rxe7 32. Qxd6+ Kb7 33. fxe7 Bxe7 34. Qd5+ Ka7 35. Rd1 Nf8 36. Bg7 Bh4+ 37. Kxh4 Ng6+ 38. Kg3 1-0

[Event "Catalan Youth-ch 2020"]
[Site "Salou"]
[Date "2020.09.07"]
[Round "4.3"]
[White "Llonch Farres, Gerard"]
[Black "Vinuesa Sorli, Ruben"]
[Result "0-1"]
[ECO "C45"]
[WhiteElo "1720"]
[BlackElo "1903"]
[Annotator "NA"]
[PlyCount "68"]
[EventDate "2020.09.07"]
[EventType "swiss"]
[EventCountry "ESP"]
[SourceTitle "playchess.com"]
[Source "ChessBase"]
[SourceQuality "1"]
[TimeControl "5400+30"]

1. e4 e5 2. Nf3 Nc6 3. d4 exd4 4. Nxd4 Qf6 5. Nxc6 Bc5 6. Qf3 dxc6 7. Nc3 Be6 8. Bd3 O-O-O 9. Qg3 h5 10. h4 Bd6 11. f4 Bb4 12. Bd2 Bg4 13. O-O Ne7 14. a3 Bc5+ 15. Kh2 Ng6 16. e5 Qxh4+ 17. Qxh4 Nxh4 18. f5 g6 19. Bg5 Bxf5 20. Bxh4 Bxd3 21. Rf3 Bxc2 22. Bxd8 Rxd8 23. Re1 Bf5 24. Ne2 Be7 25. Ng3 Bh4 26. Ref1 Bxg3+ 27. Kxg3 Rd2 28. R1f2 Rd5 29. Rxf5 gxf5 30. Rxf5 Rd3+ 31. Rf3 Rxf3+ 32. Kxf3 Kd7 33. g3 Ke6 34. Ke4 a5 0-1

[Event "Catalan Youth-ch 2020"]
[Site "Salou"]
[Date "2020.09.07"]
[Round "4.4"]
[White "Masague Artero, Guerau"]
[Black "Dominguez Laguna, Eduard"]
[Result "1-0"]
[ECO "A25"]
[WhiteElo "2320"]
[BlackElo "1949"]
[Annotator "ChessBase"]
[PlyCount "89"]
[EventDate "2020.09.07"]
[EventType "swiss"]
[EventCountry "ESP"]
[SourceTitle "playchess.com"]
[Source "ChessBase"]
[SourceQuality "1"]
[TimeControl "5400+30"]

1. c4 e5 2. Nc3 Nc6 3. e3 Bb4 4. Nd5 Nf6 5. a3 Bd6 6. Nc3 O-O 7. d3 Re8 8. Nf3 b6 9. Be2 Bb7 10. O-O a6 11. e4 h6 12. Nd5 Bf8 13. Re1 Bc5 14. b4 Bd4 15. Rb1 b5 16. Bf1 d6 17. Nxd4 Nxd4 18. Bb2 Ne6 19. d4 c6 20. dxe5 dxe5 21. Ne3 Nd4 22. f3 Qd7 23. Bxd4 exd4 24. Nf5 Rad8 25. c5 Qe6 26. Bd3 Qe5 27. Qd2 Bc8 28. f4 Qc7 29. Nd6 Re7 30. Bc2 Qd7 31. Qd3 g6 32. Qxd4 Re6 33. Bb3 Rxd6 34. cxd6 Nh5 35. e5 Qg4 36. Rf1 Bf5 37. Rbc1 g5 38. Bd1 Qh4 39. Bxh5 Qxh5 40. fxg5 Be6 41. Rxc6 Qxg5 42. Rc3 Kf8 43. Qf4 Qh5 44. Qf6 Ke8 45. Qe7# 1-0

[Event "Catalan Youth-ch 2020"]
[Site "Salou"]
[Date "2020.09.07"]
[Round "4.4"]
[White "Aleksanyan Israilyan, Nicolas"]
[Black "Salinas Tomas, Daniel"]
[Result "0-1"]
[ECO "B53"]
[WhiteElo "1808"]
[BlackElo "1979"]
[Annotator "NA"]
[PlyCount "66"]
[EventDate "2020.09.07"]
[EventType "swiss"]
[EventCountry "ESP"]
[SourceTitle "playchess.com"]
[Source "ChessBase"]
[SourceQuality "1"]
[TimeControl "5400+30"]

1. e4 c5 2. Nf3 d6 3. d4 cxd4 4. Qxd4 Nc6 5. Qe3 g6 6. c4 Bg7 7. Be2 Nf6 8. h3 O-O 9. O-O b6 10. a3 Bb7 11. Nc3 Na5 12. Nd2 Rc8 13. b4 Nc6 14. Bb2 Nd7 15. Na4 Nf6 16. Nc3 Rc7 17. f4 h5 18. g4 Nxg4 19. hxg4 Bd4 20. Nd5 Bxe3+ 21. Nxe3 hxg4 22. Kg2 f6 23. Nd5 Kg7 24. Nxc7 Qxc7 25. Bxg4 e5 26. f5 Ne7 27. fxg6 f5 28. Bh3 fxe4 29. Be6 Nxg6 30. Rxf8 Nxf8 31. Bf5 e3+ 32. Ne4 Qf7 33. Rf1 e2 0-1

[Event "Catalan Youth-ch 2020"]
[Site "Salou"]
[Date "2020.09.07"]
[Round "4.5"]
[White "Martin Barcelo, Carles"]
[Black "Travesset Sagre, Jan"]
[Result "1/2-1/2"]
[ECO "B13"]
[WhiteElo "2202"]
[BlackElo "2093"]
[Annotator "ChessBase"]
[PlyCount "60"]
[EventDate "2020.09.07"]
[EventType "swiss"]
[EventCountry "ESP"]
[SourceTitle "playchess.com"]
[Source "ChessBase"]
[SourceQuality "1"]
[TimeControl "5400+30"]

1. e4 c6 2. d4 d5 3. exd5 cxd5 4. Bd3 Nc6 5. c3 Nf6 6. Bf4 Bg4 7. Qb3 Qd7 8. Nd2 e6 9. Ngf3 Bxf3 10. Nxf3 Bd6 11. Bxd6 Qxd6 12. O-O Rb8 13. Rae1 Nd7 14. Re3 O-O 15. Qc2 g6 16. h4 e5 17. dxe5 Ndxe5 18. Nxe5 Nxe5 19. Be2 f5 20. f4 Nd7 21. Bf3 Rfe8 22. Rd3 Nb6 23. Qd2 Qe7 24. h5 Rbd8 25. Bxd5+ Nxd5 26. Rxd5 Qc5+ 27. Rd4 Re4 28. Rd1 Rdxd4 29. cxd4 Qd6 30. hxg6 hxg6 1/2-1/2

[Event "Catalan Youth-ch 2020"]
[Site "Salou"]
[Date "2020.09.07"]
[Round "4.5"]
[White "Domene Mulyukov, Alexander"]
[Black "Valero Roca, Roger"]
[Result "1-0"]
[ECO "B30"]
[WhiteElo "1931"]
[BlackElo "1377"]
[Annotator "NA"]
[PlyCount "53"]
[EventDate "2020.09.07"]
[EventType "swiss"]
[EventCountry "ESP"]
[SourceTitle "playchess.com"]
[Source "ChessBase"]
[SourceQuality "1"]
[TimeControl "5400+30"]

1. e4 c5 2. Nf3 Nc6 3. Bb5 e6 4. O-O Nge7 5. Nc3 a6 6. Bxc6 bxc6 7. d3 d5 8. Nd2 g6 9. f4 Bg7 10. e5 O-O 11. Nf3 Qb6 12. Kh1 Nf5 13. b3 a5 14. Na4 Qa7 15. g4 Nh6 16. Ba3 Qc7 17. Bxc5 Nxg4 18. h3 Nh6 19. Bxf8 Bxf8 20. Qe1 Nf5 21. Nh4 Nd4 22. Qf2 c5 23. c3 Nb5 24. Ng2 Ba6 25. Rac1 d4 26. cxd4 Nxd4 27. Qxd4 1-0

[Event "Catalan Youth-ch 2020"]
[Site "Salou"]
[Date "2020.09.07"]
[Round "4.6"]
[White "Roca Planas, Edgar"]
[Black "Alcala Gonzalez, Cesar"]
[Result "0-1"]
[ECO "B41"]
[WhiteElo "2059"]
[BlackElo "2026"]
[Annotator "NA"]
[PlyCount "64"]
[EventDate "2020.09.07"]
[EventType "swiss"]
[EventCountry "ESP"]
[SourceTitle "playchess.com"]
[Source "ChessBase"]
[SourceQuality "1"]
[TimeControl "5400+30"]

1. e4 c5 2. Nf3 e6 3. d4 cxd4 4. Nxd4 a6 5. c4 Nf6 6. Nc3 Qc7 7. a3 b6 8. g3 Bb7 9. Qd3 Nc6 10. Nf3 d6 11. b3 Ne5 12. Nxe5 dxe5 13. Bb2 h5 14. Bg2 Rd8 15. Qc2 Bc5 16. O-O Bc6 17. Ne2 Qb7 18. b4 Bxe4 19. Bxe4 Nxe4 20. bxc5 Rd2 21. Qb3 Rxe2 22. Bc1 Nxc5 23. Qd1 Re4 24. Qc2 h4 25. f3 hxg3 26. hxg3 Rg4 27. Kg2 f5 28. Be3 f4 29. Bf2 e4 30. Be1 exf3+ 31. Rxf3 Ne4 32. Qe2 Ng5 0-1

[Event "Catalan Youth-ch 2020"]
[Site "Salou"]
[Date "2020.09.07"]
[Round "4.6"]
[White "Ortiz Pardo, Pol"]
[Black "Iborra Polo, Eric"]
[Result "0-1"]
[ECO "C01"]
[WhiteElo "1700"]
[BlackElo "1640"]
[Annotator "NA"]
[PlyCount "50"]
[EventDate "2020.09.07"]
[EventType "swiss"]
[EventCountry "ESP"]
[SourceTitle "playchess.com"]
[Source "ChessBase"]
[SourceQuality "1"]
[TimeControl "5400+30"]

1. e4 e6 2. d4 d5 3. Bd3 dxe4 4. Bxe4 Nf6 5. Bf3 c5 6. Ne2 e5 7. dxe5 Qxd1+ 8. Kxd1 Ng4 9. Bxg4 Bxg4 10. Be3 Nc6 11. Nd2 Nxe5 12. h3 Bd7 13. Nc3 O-O-O 14. Ke2 Bf5 15. Rac1 Be7 16. g4 Be6 17. b3 Rhe8 18. f4 Nc6 19. Nf3 Nd4+ 20. Bxd4 cxd4 21. Nb1 Bd5 22. Kf2 Bc5 23. Nbd2 Re3 24. Rhe1 Rde8 25. Ne5 Rxh3 0-1

[Event "Catalan Youth-ch 2020"]
[Site "Salou"]
[Date "2020.09.07"]
[Round "4.7"]
[White "Moya Nunez, Pau Salvador"]
[Black "Pujol Biosca, Joan"]
[Result "1-0"]
[ECO "B40"]
[WhiteElo "1990"]
[BlackElo "1697"]
[Annotator "NA"]
[PlyCount "59"]
[EventDate "2020.09.07"]
[EventType "swiss"]
[EventCountry "ESP"]
[SourceTitle "playchess.com"]
[Source "ChessBase"]
[SourceQuality "1"]
[TimeControl "5400+30"]

1. e4 c5 2. Nf3 e6 3. d4 cxd4 4. Nxd4 Nf6 5. Nc3 Bb4 6. e5 Nd5 7. Bd2 Nxc3 8. bxc3 Be7 9. Qg4 g6 10. Bd3 Nc6 11. Nxc6 bxc6 12. h4 Qc7 13. Qg3 f5 14. h5 g5 15. h6 Rg8 16. Rh5 Kf7 17. Bxf5 Qb6 18. Bxh7 Rh8 19. Bd3 Bb7 20. Qf3+ Ke8 21. Bxg5 Bxg5 22. Rxg5 Kd8 23. Ke2 Kc7 24. h7 Ba6 25. Rg7 Raf8 26. Qe3 Bxd3+ 27. Kxd3 Qa6+ 28. Kd2 Qa4 29. Qd4 Qa6 30. Rb1 1-0

[Event "Catalan Youth-ch 2020"]
[Site "Salou"]
[Date "2020.09.07"]
[Round "4.7"]
[White "Prada Villagrasa, Pau Manel"]
[Black "Jove Albaiges, Guillem"]
[Result "0-1"]
[ECO "A22"]
[WhiteElo "1573"]
[BlackElo "1491"]
[Annotator "NA"]
[PlyCount "80"]
[EventDate "2020.09.07"]
[EventType "swiss"]
[EventCountry "ESP"]
[SourceTitle "playchess.com"]
[Source "ChessBase"]
[SourceQuality "1"]
[TimeControl "5400+30"]

1. e4 e5 2. c4 Nf6 3. Nc3 Bc5 4. d3 Nc6 5. g3 d6 6. Bg2 h6 7. h3 Be6 8. Nf3 Qd7 9. Nd5 Bxd5 10. cxd5 Nd4 11. O-O O-O 12. Bd2 Rfe8 13. Bc3 Nb5 14. Rc1 Nxc3 15. bxc3 Rad8 16. Kh2 Bb6 17. Nh4 c6 18. c4 cxd5 19. cxd5 Rc8 20. Nf5 Rxc1 21. Qxc1 Kh7 22. f4 Ng8 23. g4 Ne7 24. fxe5 Nxf5 25. gxf5 dxe5 26. f6 g6 27. Bf3 Rc8 28. Qb2 Qd6 29. Kh1 Qxf6 30. Bg2 Qe7 31. Qb3 f6 32. Kh2 Kg7 33. a4 Bd4 34. Rb1 b6 35. Rd1 Qd7 36. Qa2 Qd6 37. Rd2 Be3 38. Rc2 Rxc2 39. Qxc2 Qc5 40. Qb3 Bf4+ 0-1

[Event "Catalan Youth-ch 2020"]
[Site "Salou"]
[Date "2020.09.07"]
[Round "4.8"]
[White "Prats Safont, Sergi"]
[Black "Gomez Navais, Marcal"]
[Result "1/2-1/2"]
[ECO "B36"]
[WhiteElo "2103"]
[BlackElo "1796"]
[Annotator "NA"]
[PlyCount "180"]
[EventDate "2020.09.07"]
[EventType "swiss"]
[EventCountry "ESP"]
[SourceTitle "playchess.com"]
[Source "ChessBase"]
[SourceQuality "1"]
[TimeControl "5400+30"]

1. e4 c5 2. Nf3 g6 3. d4 cxd4 4. Nxd4 Nc6 5. c4 Nf6 6. Nc3 d6 7. Be2 Nxd4 8. Qxd4 Bg7 9. Be3 O-O 10. Qd3 Be6 11. Bd4 Qa5 12. O-O Rfc8 13. b3 a6 14. Kh1 Nd7 15. f4 f5 16. Bxg7 Kxg7 17. Bf3 Rab8 18. exf5 Bxf5 19. Qe3 e5 20. Bd5 Re8 21. h3 exf4 22. Qd4+ Ne5 23. Rxf4 Qc5 24. Qd2 Re7 25. Be4 Be6 26. a4 b6 27. Bc2 Rd8 28. Rd4 Nc6 29. Rf4 Ne5 30. Rd1 Red7 31. Ne4 Qc7 32. Ng5 Bg8 33. Be4 h6 34. Nf3 g5 35. Rf5 Bh7 36. Nd4 Bxf5 37. Bxf5 Re7 38. Ne6+ Rxe6 39. Bxe6 Qc5 40. Rf1 Rf8 41. Rxf8 Kxf8 42. Qc2 Kg7 43. Qe4 Qf2 44. Qb7+ Kf6 45. Bd5 Qf1+ 46. Kh2 Qf4+ 47. g3 Qf2+ 48. Bg2 g4 49. hxg4 Nxg4+ 50. Kh3 Ne5 51. Qe4 Qf5+ 52. Qxf5+ Kxf5 53. Kh4 Kg6 54. Be4+ Kg7 55. g4 a5 56. g5 hxg5+ 57. Kxg5 Kf7 58. Kf4 Nd7 59. Ke3 Nc5 60. Kd4 Ke6 61. Bc2 Nb7 62. Bd1 Kd7 63. Kc3 Ke6 64. b4 Ke5 65. Bf3 Nd8 66. c5 dxc5 67. bxa5 bxa5 68. Kc4 Kd6 69. Kb5 c4 70. Kxc4 Kc7 71. Kb5 Nb7 72. Bg2 Nd6+ 73. Kc5 Nb7+ 74. Kb5 Nd6+ 75. Kxa5 Nc4+ 76. Kb5 Nb6 77. a5 Nc8 78. Ka6 Kb8 79. Bh3 Na7 80. Kb6 Nc8+ 81. Kc5 Kb7 82. Bf1 Ne7 83. Kd6 Nf5+ 84. Ke5 Ne7 85. Kd6 Nf5+ 86. Kc5 Ne7 87. a6+ Ka7 88. Kd6 Nf5+ 89. Ke5 Ne7 90. Bg2 Kxa6 1/2-1/2

[Event "Catalan Youth-ch 2020"]
[Site "Salou"]
[Date "2020.09.07"]
[Round "4.8"]
[White "Mompel Ferruz, Xavier"]
[Black "Roure Sola, Oriol"]
[Result "1-0"]
[ECO "C28"]
[WhiteElo "1505"]
[BlackElo "1160"]
[Annotator "NA"]
[PlyCount "71"]
[EventDate "2020.09.07"]
[EventType "swiss"]
[EventCountry "ESP"]
[SourceTitle "playchess.com"]
[Source "ChessBase"]
[SourceQuality "1"]
[TimeControl "5400+30"]

1. e4 e5 2. Nc3 Nc6 3. Bc4 Nf6 4. d3 Na5 5. Bb3 Nxb3 6. axb3 d5 7. exd5 Bb4 8. Bd2 Bxc3 9. Bxc3 Qxd5 10. Nf3 Bg4 11. Qe2 Bxf3 12. Qxf3 Qxf3 13. gxf3 O-O-O 14. Rxa7 Nd5 15. Kd2 f6 16. Rha1 Nxc3 17. bxc3 b6 18. R1a6 h5 19. c4 Rh6 20. b4 Rg6 21. c5 bxc5 22. bxc5 Rg2 23. c6 Rxd3+ 24. cxd3 Kd8 25. Ke3 Rxh2 26. Ra8+ Ke7 27. Rh8 h4 28. Ke2 Rh1 29. Ra4 g5 30. Rc4 h3 31. Rh7+ Ke6 32. Rxc7 h2 33. Rh7 Kf5 34. c7 Kg6 35. Rxh2 Rxh2 36. c8=Q 1-0

[Event "Catalan Youth-ch 2020"]
[Site "Salou"]
[Date "2020.09.07"]
[Round "5.1"]
[White "Alvarez Albiol, Victor"]
[Black "Sole Pijuan, Ferran"]
[Result "1/2-1/2"]
[ECO "C28"]
[WhiteElo "2123"]
[BlackElo "2127"]
[Annotator "ChessBase"]
[PlyCount "81"]
[EventDate "2020.09.07"]
[EventType "swiss"]
[EventCountry "ESP"]
[SourceTitle "playchess.com"]
[Source "ChessBase"]
[SourceQuality "1"]
[TimeControl "5400+30"]

1. e4 e5 2. Bc4 Nf6 3. d3 Nc6 4. Nc3 d6 5. f4 exf4 6. Bxf4 Ne5 7. Bb3 Ng6 8. Bg3 h5 9. h3 h4 10. Bh2 Be6 11. Nf3 Bxb3 12. axb3 Be7 13. O-O Nh5 14. Nd4 Bf6 15. Nf5 Ne7 16. Qf3 Nxf5 17. exf5 Bd4+ 18. Kh1 Bxc3 19. bxc3 c6 20. Qe4+ Kd7 21. Qd4 Qf6 22. Ra4 Qxd4 23. Rxd4 Ng3+ 24. Bxg3 hxg3 25. Rg4 Ke7 26. Rxg7 Rag8 27. f6+ Kf8 28. Rf3 Rxg7 29. fxg7+ Kxg7 30. Rxg3+ Kf6 31. Rf3+ Ke6 32. g4 a5 33. c4 b5 34. cxb5 cxb5 35. c4 a4 36. bxa4 bxa4 37. d4 Rb8 38. Re3+ Kf6 39. Rf3+ Ke6 40. Re3+ Kf6 41. Rf3+ 1/2-1/2

[Event "Catalan Youth-ch 2020"]
[Site "Salou"]
[Date "2020.09.07"]
[Round "5.1"]
[White "Vinuesa Sorli, Ruben"]
[Black "Ribera Veganzones, Serni"]
[Result "0-1"]
[ECO "A85"]
[WhiteElo "1903"]
[BlackElo "1902"]
[Annotator "ChessBase"]
[PlyCount "122"]
[EventDate "2020.09.07"]
[EventType "swiss"]
[EventCountry "ESP"]
[SourceTitle "playchess.com"]
[Source "ChessBase"]
[SourceQuality "1"]
[TimeControl "5400+30"]

1. d4 f5 2. c4 Nf6 3. Nc3 e6 4. e3 b6 5. Bd3 Bb7 6. f3 Bb4 7. Qc2 d6 8. Nge2 Nbd7 9. Bd2 Qe7 10. O-O Bxc3 11. Bxc3 O-O 12. e4 fxe4 13. fxe4 e5 14. Ng3 g6 15. d5 a5 16. a4 h5 17. Bd2 Nh7 18. Bh6 Rxf1+ 19. Rxf1 h4 20. Nh1 g5 21. Qe2 Kh8 22. Nf2 Rg8 23. Ng4 Nc5 24. Bc2 Rg6 25. Qf3 Bc8 26. Bf8 Qe8 27. Nh6 Nf6 28. Qxf6+ Rxf6 29. Rxf6 Nd7 30. Nf7+ Kh7 31. Rh6+ Kg8 32. Rh8+ Kxf7 33. Bg7 Qxh8 34. Bxh8 Kg8 35. Bd1 Kxh8 36. Bg4 Kg7 37. Kf2 Kf8 38. Kf3 Ke7 39. Bf5 Kd8 40. Kg4 Nf6+ 41. Kxg5 Bxf5 42. exf5 Ke7 43. Kxh4 Ne4 44. g4 Kf6 45. b3 Nd2 46. g5+ Kxf5 47. Kh5 Ne4 48. h4 Ng3+ 49. Kh6 Kg4 50. Kg6 Kxh4 51. Kf6 e4 52. g6 Nh5+ 53. Ke7 e3 54. Kd7 e2 55. Kxc7 e1=Q 56. Kxd6 Qb4+ 57. Kc6 Qc5+ 58. Kd7 Kg5 59. d6 Kxg6 60. Ke8 Qxd6 61. b4 Nf6# 0-1

[Event "Catalan Youth-ch 2020"]
[Site "Salou"]
[Date "2020.09.07"]
[Round "5.2"]
[White "Saguillo Gonzalez, Oriol"]
[Black "Garcia Escoda, Marc"]
[Result "1/2-1/2"]
[ECO "B27"]
[WhiteElo "2124"]
[BlackElo "2054"]
[Annotator "ChessBase"]
[PlyCount "77"]
[EventDate "2020.09.07"]
[EventType "swiss"]
[EventCountry "ESP"]
[SourceTitle "playchess.com"]
[Source "ChessBase"]
[SourceQuality "1"]
[TimeControl "5400+30"]

1. e4 c5 2. Nf3 g6 3. d4 cxd4 4. Qxd4 Nf6 5. e5 Nc6 6. Qa4 Nd5 7. Qe4 Nb6 8. Nc3 Bg7 9. Bd3 O-O 10. Bg5 d5 11. exd6 Qxd6 12. O-O Bf5 13. Qh4 Bxd3 14. Rfd1 Qb4 15. Qxb4 Nxb4 16. cxd3 N4d5 17. d4 Rfc8 18. Rac1 Nxc3 19. Rxc3 Rxc3 20. bxc3 e6 21. Rb1 Rc8 22. Rb3 h6 23. Be3 Nd5 24. Rxb7 Rxc3 25. Rxa7 Nxe3 26. fxe3 Rxe3 27. Kf2 Rc3 28. Ra4 Rc2+ 29. Kf1 Bf6 30. Ne5 Bxe5 31. dxe5 Kg7 32. a3 g5 33. h4 Kg6 34. hxg5 Kxg5 35. g4 h5 36. gxh5 Kxh5 37. Rf4 Kg6 38. Rf6+ Kg7 39. Rf3 1/2-1/2